 Dungeon Crawl Stone Soup version 0.22-a0-157-g169b76a (webtiles) character file.

28 b5mith the Poker (level 3, 0/29 HPs)
             Began as a Human Berserker on Feb 8, 2018.
             Was a Follower of Trog.
             Succumbed to Crazy Yiuf's poison
             ... on level 2 of the Dungeon.
             The game lasted 00:07:42 (1276 turns).

b5mith the Poker (Human Berserker)                  Turns: 1276, Time: 00:07:43

Health: 0/29       AC:  0    Str: 17    XL:     3   Next: 27%
Magic:  3/3        EV: 20    Int:  7    God:    Trog [*.....]
Gold:   84         SH:  0    Dex: 18    Spells: 2/2 levels left

rFire    . . .     SeeInvis .   (weapon currently unavailable)
rCold    . . .     Gourm    .   (shield currently unavailable)
rNeg     . . .     Faith    .   (armour currently unavailable)
rPois    .         Spirit   .   (helmet currently unavailable)
rElec    .         Reflect  .   (cloak currently unavailable)
rCorr    .         Harm     .   (gloves currently unavailable)
MR       .....                  (boots currently unavailable)
Stlth    ++........             (no amulet)
HPRegen  0.09/turn              (ring currently unavailable)
MPRegen  0.08/turn              (ring currently unavailable)

@: lethally poisoned (0 -> -7), bat-form, flying, slowed, quick
A: tiny
a: Berserk, Burn Spellbooks, Renounce Religion


You were on level 2 of the Dungeon.
You worshipped Trog.
Trog was aware of your devotion.
You were not hungry.
You were in bat-form.
You visited 1 branch of the dungeon, and saw 2 of its levels.

You collected 84 gold pieces.

Inventory:

Hand Weapons
 a - a +0 spear (melded)
 d - a +0 mace
 k - a +0 mace
Missiles
 e - 92 stones (quivered)
Armour
 b - a +1 animal skin (melded)
 i - a +0 pair of gloves (melded)
 l - a cursed +0 leather armour
 m - a +0 helmet (melded)
Jewellery
 f - a +2 ring of evasion (melded)
Scrolls
 h - a scroll of teleportation
 o - a scroll of noise {unknown}
 p - a scroll of random uselessness {unknown}
Potions
 g - 2 potions of curing {unknown}
 j - a potion of might {unknown}
 n - a potion of mutation {unknown}
Comestibles
 c - a ration


   Skills:
 + Level 3.2 Fighting
 + Level 3.6 Polearms
 + Level 0.3 Throwing
 + Level 2.1 Armour
 + Level 2.2 Dodging


You had 2 spell levels left.
You didn't know any spells.

Dungeon Overview and Level Annotations

Branches:
Dungeon (2/15)

Altars:

Annotations:
D:2 Crazy Yiuf


Message History

You hit Crazy Yiuf but do no damage.
Crazy Yiuf hits you with a quarterstaff of chaos!
You are poisoned.
Crazy Yiuf grits, "Gnoll ladder infinity!"
Crazy Yiuf zaps a wand.
You turn into a bat.
Your +0 spear melds into your body.
Your +0 helmet melds into your body.
Your +0 pair of gloves melds into your body.
Your +1 animal skin melds into your body.
Your +2 ring of evasion melds into your body.
As you read the scroll of teleportation, it crumbles to dust.
You feel strangely unstable.
You feel sick.
Crazy Yiuf hits you with a quarterstaff of chaos!
* * * LOW HITPOINT WARNING * * *
Crazy Yiuf cries, "You leg down broken song, no?"
Your surroundings suddenly seem different.
* * * LOW HITPOINT WARNING * * *
You feel sick.
* * * LOW HITPOINT WARNING * * *
You feel sick.
You die...

......########.##.###############
...##........#.##.##
...##)######.....#.# ...##.#
#####..## ...##.### #.##
.....<..# #.# ...#.##.# #.#
####.##.# #.# #.##.# #b# #.##[#
#.# #.##.# #.# #.##.##### #.#
#.............#
####..#.########## ......# # ##.
####.## #... ####.# .#..


There were no monsters in sight!

Vanquished Creatures
  An ooze (D:2)
  A dart slug (D:1)
  2 giant cockroaches
  2 goblins (D:1)
  4 hobgoblins
  2 jackals (D:1)
  A bat (D:1)
  A frilled lizard (D:1)
  3 kobolds
  3 rats (D:1)
20 creatures vanquished.

Notes
Turn   | Place    | Note
-------+----------+-------------------------------------------
     0 | D:1      | b5mith the Human Berserker began the quest for the Orb.
     0 | D:1      | Reached XP level 1. HP: 18/18 MP: 1/1
   286 | D:1      | Reached XP level 2. HP: 16/24 MP: 2/2
  1031 | D:2      | Reached XP level 3. HP: 29/29 MP: 3/3
  1259 | D:2      | Found a runed door.
  1263 | D:2      | Noticed Crazy Yiuf
  1274 | D:2      | HP: 1/29 [poisoned by Crazy Yiuf]
  1276 | D:2      | Succumbed to Crazy Yiuf's poison

Vault maps used:
D:1:      scummos_arrival_simple_crosswalls
D:2:      led_sif_pool, uniq_crazy_yiuf_cottage

Action                   || total
-------------------------++-------
Melee: Spear             ||    83
Throw: Stone             ||    42
  Use: Scroll            ||     4
  Eat: Ration            ||     1
Armor: Animal skin       ||    16
Dodge: Dodged            ||    50

Table legend:
 A = Spawn XP
 B = Non-spawn XP
 C = Spawn XP percentage of total XP
 D = Spawn monster count
 E = Non-spawn monster count
 F = Spawn count percentage of total count
 G = Total turns spent on level
                    A         B        C        D         E        F      G
               +---------+---------+-------+---------+---------+-------+---------
         Total |       0 |      40 |   0.0 |       0 |      20 |   0.0 |  1276
               +---------+---------+-------+---------+---------+-------+---------
           D:1 |       0 |      26 |   0.0 |       0 |      15 |   0.0 |   945
           D:2 |       0 |      14 |   0.0 |       0 |       5 |   0.0 |   331
               +---------+---------+-------+---------+---------+-------+---------
